 Dungeon Crawl Stone Soup version 0.31.0-11-ge490571c62 (webtiles) character file.

Game seed: 10718139170530474524

49 Caestello the Twirler (level 3, 0/55 HPs)
             Began as an Oni Gladiator on Feb 6, 2024.
             Slain by Sigmund
             ... wielding a +0 scythe
              (8 damage)
             ... on level 2 of the Dungeon.
             The game lasted 00:03:37 (1598 turns).

Caestello the Twirler (Oni Gladiator)               Turns: 1598, Time: 00:03:38

Health: 0/55       AC: 21    Str: 19 (20) XL:     3   Next: 75%
Magic:  3/3        EV:  1    Int:  6 (9)  God:
Gold:   89         SH:  0    Dex:  8 (10) Spells: 2/2 levels left

rFire   . . .        a - +0 quarterstaff
rCold   . . .        (shield currently unavailable)
rNeg    + . .        b - melded +0 robe
rPois   +            c - melded +1 hat
rElec   .            (cloak currently unavailable)
rCorr   .            (gloves unavailable)
SInv    .            (boots unavailable)
Will    .....        (no amulet)
Stlth   +            l - ring of positive energy
HPRegen 0.29/turn    (no ring)
MPRegen 0.08/turn

%: no passive effects
@: confused, tree-form, attractive
A: stationary, stasis, torment immunity, boosted hp, large, unfitting armour,
(horns 1), (tough skin 1), double potion healing, drunken brawling
a: no special abilities


You were on level 2 of the Dungeon.
You were a tree.
You visited 1 branch of the dungeon, and saw 2 of its levels.

You collected 89 gold pieces.

Inventory:

Hand Weapons
 a - a +0 quarterstaff (weapon)
Missiles
 d - 3 throwing nets (quivered)
 e - a large rock
 k - 6 boomerangs
Armour
 b - a +0 robe (melded)
 c - a +1 hat (melded)
Jewellery
 l - a ring of positive energy (left branch)
Scrolls
 m - a scroll of identify {unknown}


   Skills:
 + Level 3.1 Fighting
 + Level 3.8 Staves
 + Level 2.1 Throwing
 + Level 3.2 Dodging
 + Level 0.1 Stealth


You had 2 spell levels left.
You didn't know any spells.
Your spell library contained the following spells:

 Spells                   Type           Power      Damage    Failure   Level
 Cigotuvi's Dreadful Rot  Necr/Alch/Air  0%         N/A       58%         2
 Ensorcelled Hibernation  Hex/Ice        0%         N/A       58%         2
 Passwall                 Erth           0%         N/A       83%         3
 Swiftness                Air            0%         N/A       83%         3
 Dispel Undead            Necr           0%         3d6       99%         4
 Martyr's Knell           Necr/Summ      0%         N/A       99%         4
 Death Channel            Necr           0%         N/A       100%        6


Dungeon Overview and Level Annotations

Branches:
Dungeon (2/15)

Altars:

Annotations:
D:2 Sigmund


Innate Abilities, Weirdness & Mutations

You are a tree.
Your roots penetrate the ground, keeping you stationary.
You cannot be teleported.
You are immune to unholy pain and torment.
Your maximum health is greatly increased.
Your equipment is partially melded.
You are too large for most types of armour.
((You have a pair of small horns on your head.))
((You have tough skin. (AC +1)))
You gain doubled healing and magic from potions.
Whenever you drink a healing potion, you attack all around you.


Message History

Sigmund is severely wounded.
You hit Sigmund but do no damage.
Sigmund is severely wounded.
Sigmund hits you with a +0 scythe!
You hit Sigmund.
Sigmund is severely wounded.
Sigmund hits you with a +0 scythe!
* * * LOW HITPOINT WARNING * * *
You hit Sigmund but do no damage.
Sigmund is severely wounded.
Sigmund completely misses you.
It was a potion of degeneration.
There was something very wrong with that liquid.
You feel weakened.
You feel dopey.
You feel clumsy.
It was a potion of attraction.
You feel attractive to monsters. Sigmund misses you.
It was a potion of lignification.
You turn into a tree.
Your +1 hat melds into your body.
Your +0 robe melds into your body.
Your roots penetrate the ground.
Sigmund hits you with a +0 scythe.
* * * LOW HITPOINT WARNING * * *
You barely miss Sigmund.
Sigmund is severely wounded.
You barely miss Sigmund.
Sigmund is severely wounded.
Sigmund points at you and mumbles some strange words.
You are confused.
You cannot move. (Use ctrl+direction or * direction to attack while stationary and confused.)
You cannot move. (Use ctrl+direction or * direction to attack while stationary and confused.)
You cannot move. (Use ctrl+direction or * direction to attack while stationary and confused.)
You cannot move. (Use ctrl+direction or * direction to attack while stationary and confused.)
You cannot move. (Use ctrl+direction or * direction to attack while stationary and confused.) Sigmund hits you with a +0 scythe.
* * * LOW HITPOINT WARNING * * *
You attack the rock wall.
Sigmund hits you but does no damage.
You closely miss Sigmund.
Sigmund is severely wounded.
Sigmund hits you with a +0 scythe!
You die...
Sigmund begins carving another notch in his scythe.

....##......#....>......#
....#######.#...........#
...............#........#
........[...#..#........#****
............#...###.#####,,,**
#...........!.......####,,,,,**
#.............#....####.,,,,,,*
##.........#..##...####.,,,,,,*
###...#........#♣.......,,,,,,*
...............@..>.....,,,,,**
#########.#.....##...##.,,,,,,*
#.#........#..#.,,,,,,*
#.......#..##...,,,,,,*
##......######.#,,,,,**
####.########.#*,,,**
*#.,,,,,,,,,****** #####
*,,********,,******


You could see Sigmund.

Vanquished Creatures
  An adder (D:2)
  A dart slug (D:1)
  A ribbon worm (D:2)
  2 endoplasms (D:1)
  3 hobgoblins (D:1)
  4 jackals (D:1)
  5 kobolds (D:1)
  3 quokkas
  4 ball pythons
  4 bats
  2 frilled lizards (D:1)
  A goblin (D:1)
  4 rats
35 creatures vanquished.

Notes
Turn   | Place    | Note
-------+----------+-------------------------------------------
     0 | D:1      | Caestello the Oni Gladiator began the quest for the Orb.
     0 | D:1      | Reached XP level 1. HP: 22/22 MP: 1/1
   130 | D:1      | Reached XP level 2. HP: 19/29 MP: 2/2
   607 | D:1      | Reached XP level 3. HP: 30/37 MP: 3/3
  1575 | D:2      | Noticed Sigmund
  1598 | D:2      | Slain by Sigmund

Illustrated notes

Levels and vault maps discovered:
D:1:      nicolae_arrival_memento_mori, layout_basic, minmay_cupped
D:2:      layout_rooms, chequers_ecumenical_altar_twisty, uniq_sigmund

Skill      XL: |  1  2 |
---------------+-------+-----
Dodging        | 3 |  3.2
Fighting       | 3 |  3.1
Staves         | |  3.8
Throwing       | |  2.1
Stealth        | |  0.1

Action                     || total
---------------------------++-------
  Melee: Quarterstaff      ||    94
         Headbutt          ||    11
    Use: Potion            ||     3
         Scroll            ||     2
   Stab: Sleeping          ||     1
 Armour: Robe              ||    66
         Skin              ||     4
  Dodge: Dodged            ||    55
